 Dungeon Crawl Stone Soup version 0.17.0-24-gcfadda4 (webtiles) character file.

3995 oplop the Magician (level 10, -2/68 HPs)
             Began as an Octopode Transmuter on Nov 15, 2015.
             Slain by a killer bee (7 damage)
             ... on level 9 of the Dungeon.
             The game lasted 00:20:30 (10457 turns).

oplop the Magician (Octopode Transmuter)           Turns: 10457, Time: 00:20:30

Health: -2/68      AC:  1    Str: 15    XL:     10   Next: 23%
Magic:  28/29      EV: 14    Int: 15    God:
Gold:   429        SH:  0    Dex: 14    Spells: 4 memorised, 12 levels left

rFire  + + .     SeeInvis .     v - +5 trident "Xomupp" {flame, -Tele rF+ MR+ Str+3}
rCold  . . .     Clarity  .     (no shield)
rNeg   + . .     SustAt   .     (helmet restricted)
rPois  .         Gourm    .     G - amulet of warding
rElec  .         Spirit   .     k - ring of magical power
rCorr  .         Warding  +     p - ring of protection from fire
rMut   .         NoTele   +     u - ring of stealth
MR     +....                    (no ring)
Stlth  +++.......               (no ring)
                                (no ring)
                                (no ring)
                                (no ring)

@: lethally poisoned (-2 -> -3), somewhat resistant to hostile enchantments,
fairly stealthy
A: almost no armour, amphibious, 8 rings, constrict 8, camouflage 1, gelatinous
body 1
a: no special abilities


You were on level 9 of the Dungeon.
You were very hungry.

You visited 2 branches of the dungeon, and saw 10 of its levels.

You collected 567 gold pieces.
You spent 138 gold pieces at shops.

Inventory:

Hand Weapons
 b - a +0 blowgun
 v - the +5 trident "Xomupp" (weapon) {flame, -Tele rF+ MR+ Str+3}
   (You found it on level 4 of the Dungeon)

   It has been specially enchanted to burn those struck by it, causing extra
   injury to most foes and up to half again as much damage against particularly
   susceptible opponents.
   It affects your strength (+3).
   It protects you from fire.
   It affects your resistance to hostile enchantments.
   It prevents most forms of teleportation.
 x - a +3 short sword of draining
Missiles
 a - 68 arrows
 E - 11 poisoned needles
Jewellery
 e - an uncursed ring of ice
 k - a ring of magical power (left tentacle)
 p - a ring of protection from fire (right tentacle)
 u - a ring of stealth (on tentacle)
 F - an uncursed amulet of stasis
 G - an amulet of warding (around mantle)
 H - an uncursed ring of fire
 L - an uncursed ring of ice
Wands
 i - a wand of digging (5)
 l - a wand of digging (8)
 r - a wand of polymorph (16)
 I - a wand of draining (0)
Scrolls
 j - a scroll of identify
 m - 2 scrolls of enchant weapon
 q - a scroll of magic mapping
 s - a scroll of enchant armour {unknown}
 t - 2 scrolls of remove curse
Potions
 d - a potion of ambrosia
 g - a potion of curing
 h - 3 potions of invisibility
 o - a potion of agility
 w - a potion of haste
 B - 2 potions of heal wounds
 K - 2 potions of cure mutation
Books
 n - a book of Debilitation

   Spells                             Type                      Level
   a - Corona                         Hexes                        1
   b - Slow                           Hexes                        2
   c - Gell's Gravitas                Hexes/Translocation          3
   d - Inner Flame                    Hexes/Fire                   3
   e - Cause Fear                     Hexes                        4
   f - Leda's Liquefaction            Hexes/Earth                  4
 z - a book of Conjurations

   Spells                             Type                      Level
   a - Magic Dart                     Conjuration                  1
   b - Searing Ray                    Conjuration                  2
   c - Dazzling Spray                 Conjuration/Hexes            3
   d - Fulminant Prism                Conjuration/Hexes            4
   e - Iskenderun's Mystic Blast      Conjuration                  4
   f - Iskenderun's Battlesphere      Conjuration/Charms           5
 C - a book of Maledictions

   Spells                             Type                      Level
   a - Corona                         Hexes                        1
   b - Ensorcelled Hibernation        Hexes/Ice                    2
   c - Confuse                        Hexes                        3
   d - Tukima's Dance                 Hexes                        3
   e - Dazzling Spray                 Conjuration/Hexes            3
 D - a book of Changes

   Spells                             Type                      Level
   a - Beastly Appendage              Transmutation                1
   b - Sticks to Snakes               Transmutation                2
   c - Spider Form                    Transmutation/Poison         3
   d - Ice Form                       Ice/Transmutation            4
   e - Blade Hands                    Transmutation                5
 J - a book of Envenomations

   Spells                             Type                      Level
   a - Spider Form                    Transmutation/Poison         3
   b - Alistair's Intoxication        Transmutation/Poison         4
   c - Olgreb's Toxic Radiance        Poison                       4
   d - Poisonous Cloud                Conjuration/Poison/Air       6
Comestibles
 c - 5 bread rations
 f - 3 meat rations


   Skills:
 - Level 5.9 Fighting
 + Level 4.5 Dodging
 + Level 4.8 Unarmed Combat
 + Level 6.9 Spellcasting
 - Level 6.6 Transmutations
 - Level 4.3 Ice Magic
 + Level 6.3 Poison Magic


You had 12 spell levels left.
You knew the following spells:

 Your Spells              Type           Power        Failure   Level  Hunger
a - Beastly Appendage     Trmt           ####..       1%          1    None
b - Sticks to Snakes      Trmt           ####......   1%          2    None
c - Spider Form           Trmt/Pois      ###.......   2%          3    ##.....
d - Ice Form              Ice/Trmt       ###.....     17%         4    ####...


Dungeon Overview and Level Annotations

Branches:
Dungeon (9/15)             Temple (1/1) D:6
   Lair: D:8-11         Orc: D:9-12

Altars:
Ashenzari
Dithmenos
Elyvilon
Fedhas
Gozag
Kikubaaqudgha
Makhleb
Nemelex Xobeh
Okawaru
Qazlal
Ru
Sif Muna
Trog
Vehumet
Xom
Yredelemnul
Zin
The Shining One

Shops:
D:8 ?

Annotations:
D:3 oplop's ghost, amateur OpTm
D:4 Sigmund
D:8 blami's ghost, novice DsNe
D:9 exclusions: door and 1 more exclusion


Innate Abilities, Weirdness & Mutations

You cannot wear most types of armour.
You are amphibious.
You can wear up to eight rings at the same time.
You can use your tentacles to constrict eight enemies at once.
Your skin changes colour to match your surroundings (Stealth).
Your rubbery body absorbs attacks (AC +1).


Message History

The bolt of negative energy hits the killer bee.
The killer bee is drained!
The killer bee is almost dead.
This wand has 1 charge left.
The killer bee stings you.
* * * LOW HITPOINT WARNING * * *
You are poisoned.
The killer bee poisons you! The killer bee closely misses you.
You barely miss the killer bee. Your grab misses the killer bee.
The killer bee is almost dead.
You feel sick. The killer bee stings you!
* * * LOW HITPOINT WARNING * * *
The killer bee barely misses you. The killer bee completely misses you.
Unknown command.
Evoke which item? (* to show all) (? for menu, Esc to quit)
Zapping:
I - a wand of draining (1)
Press: ? - help, Shift-Dir - straight line, f/p - killer bee
Aim: a killer bee (almost dead, heavily drained)
The bolt of negative energy misses the killer bee.
This wand has 0 charges left.
The killer bee stings you!
You die...

.....# #.[.....# #........
#'#### ######### ######+##
#.# ..# .## ## #### # .....
#######################......
................@y.).)'......
#######################......
# #+### # # ####### ......#
......# ......#


You could see a killer bee.

Vanquished Creatures
  A wyvern (D:9)
  A hippogriff (D:9)
  2 orc warriors (D:7)
  2 phantoms
  2 black bears
  A centaur (D:6)
  7 ogres
  3 big kobolds
  4 giant frogs
  Blork the orc (D:4)
  A water moccasin zombie (D:5)
  5 scorpions
  5 killer bees (D:9)
  6 hounds
  4 crimson imps
  6 orc wizards
  4 orc priests
  3 giant frog skeletons
  A giant frog zombie (D:7)
  3 jellies
  4 iguanas
  8 worker ants
  A killer bee zombie (D:6)
  A hound zombie (D:7)
  Robin (D:4)
  8 adders
  A shadow imp (D:6)
  An ooze (D:1)
  An adder zombie (D:5)
  2 adder skeletons
  7 worms
  5 giant geckos
  20 orcs
  13 giant cockroaches
  13 goblins
  7 hobgoblins
  21 jackals
  4 quokkas
  A ball python (D:3)
  5 bats
  A giant gecko skeleton (D:6)
  A giant gecko zombie (D:6)
  7 giant newts
  18 kobolds
  A quokka skeleton (D:8)
  A quokka zombie (D:7)
  11 rats
226 creatures vanquished.

Vanquished Creatures (collateral kills)
  2 killer bees (D:9)
2 creatures vanquished.

Grand Total: 228 creatures vanquished

Notes
Turn   | Place    | Note
--------------------------------------------------------------
     0 | D:1      | oplop the Octopode Transmuter began the quest for the Orb.
     0 | D:1      | Reached XP level 1. HP: 13/13 MP: 3/3
   141 | D:1      | You fall through a shaft!
   147 | D:2      | Reached XP level 2. HP: 16/18 MP: 3/5
   275 | D:2      | Found an iron altar of Okawaru.
   378 | D:2      | Reached XP level 3. HP: 11/23 MP: 6/6
  1572 | D:3      | Found a radiant altar of Vehumet.
  1669 | D:3      | Reached XP level 4. HP: 10/29 MP: 8/8
  1825 | D:3      | Learned a level 2 spell: Sticks to Snakes
  1829 | D:3      | Learned a level 3 spell: Spider Form
  1880 | D:3      | Noticed oplop's ghost (amateur OpTm)
  2044 | D:3      | Reached XP level 5. HP: 12/35 MP: 9/9
  2314 | D:3      | Reached skill level 1 in Poison Magic
  2466 | D:4      | Got a smoking trident
  2467 | D:4      | Identified the +5 trident "Xomupp" {flame, -Tele rF+ MR+ Str+3} (You found it on level 4 of the Dungeon)
  2562 | D:4      | Found a bloodstained altar of Trog.
  2565 | D:4      | Found a sacrificial altar of Ru.
  2568 | D:4      | Found a shattered altar of Ashenzari.
  2635 | D:5      | Entered Level 5 of the Dungeon
  2760 | D:5      | Learned a level 4 spell: Ice Form
  2787 | D:5      | Found a glowing silver altar of Zin.
  2896 | D:5      | Reached XP level 6. HP: 31/42 MP: 11/11
  3057 | D:5      | Noticed an ogre
  3060 | D:5      | Reached skill level 4 in Transmutations
  3070 | D:4      | Noticed an ogre
  3466 | D:3      | Found a blossoming altar of Fedhas.
  3567 | D:3      | Found a shattered altar of Ashenzari.
  3886 | D:4      | Noticed an ogre
  3897 | D:4      | Killed an ogre
  3897 | D:4      | Reached XP level 7. HP: 46/46 MP: 12/12
  4009 | D:4      | Noticed Blork the orc
  4021 | D:4      | Killed Blork the orc
  4115 | D:4      | Killed an ogre
  4398 | D:4      | Noticed Robin
  4408 | D:4      | Killed Robin
  4756 | D:4      | Noticed a phantom
  4769 | D:4      | Killed a phantom
  4896 | D:4      | Reached skill level 5 in Transmutations
  4896 | D:4      | Reached XP level 8. HP: 32/54 MP: 14/14
  5384 | D:4      | Noticed Sigmund
  5463 | D:4      | Reached skill level 5 in Poison Magic
  5831 | D:5      | Found a white marble altar of Elyvilon.
  5956 | D:5      | Killed an ogre
  5956 | D:5      | Reached skill level 5 in Fighting
  5956 | D:5      | Reached skill level 5 in Spellcasting
  5956 | D:5      | Reached skill level 1 in Ice Magic
  6020 | D:5      | Found a burning altar of Makhleb.
  6020 | D:5      | Found a basalt altar of Yredelemnul.
  6444 | D:6      | Reached XP level 9. HP: 39/61 MP: 17/17
  6515 | D:6      | Reached skill level 6 in Transmutations
  6648 | D:6      | Found a shimmering altar of Xom.
  7226 | D:6      | Found a staircase to the Ecumenical Temple.
  7253 | Temple   | Entered the Ecumenical Temple
  9053 | D:8      | Found Umuma's Magic Scroll Shop.
  9060 | D:8      | Noticed blami's ghost (novice DsNe)
  9169 | D:8      | Bought 2 scrolls of identify for 48 gold pieces
  9169 | D:8      | Bought a scroll of identify for 24 gold pieces
  9169 | D:8      | Bought a scroll of identify for 24 gold pieces
  9169 | D:8      | Bought a scroll of magic mapping for 42 gold pieces
  9250 | D:9      | Found a sparkling altar of Nemelex Xobeh.
  9465 | D:9      | Reached XP level 10. HP: 68/68 MP: 18/19
 10457 | D:9      | Slain by a killer bee

Action                   |  1- 3 |  4- 6 |  7- 9 | 10-12 || total
-------------------------+-------+-------+-------+-------++-------
Melee: Unarmed           |    97 |    21 |   208 |    43 ||   369
       Trident           |       |    53 |   112 |    12 ||   177
 Fire: Blowgun           |       |     5 |    61 |     7 ||    73
 Cast: Beastly Appendage |    17 |     6 |     8 |     2 ||    33
       Sticks to Snakes  |       |     1 |     4 |     5 ||    10
       Spider Form       |       |       |     4 |       ||     4
       Ice Form          |       |       |     5 |     3 ||     8
 Abil: End Transformatio |       |       |     1 |     1 ||     2
Evoke: Wand              |       |       |       |     5 ||     5
  Use: Potion            |       |     2 |     1 |     1 ||     4
       Scroll            |       |       |    14 |     1 ||    15
 Stab: Sleeping          |     6 |     8 |    15 |     1 ||    30
       Distracted        |       |     1 |     1 |       ||     2
  Eat: Chunk             |     1 |     7 |     5 |       ||    13
       Beef jerky        |       |     1 |     3 |       ||     4
       Fruit             |       |       |     3 |       ||     3
       Royal jelly       |       |       |     1 |       ||     1
       Pizza             |       |       |     1 |     1 ||     2
       Meat ration       |       |       |     1 |       ||     1
